 Dungeon Crawl Stone Soup version 0.22-a0-614-g34fbaa0 (webtiles) character file.

63 zishaf the Firebug (level 4, -3/30 HPs)
             Began as a Barachi Fire Elementalist on July 20, 2018.
             Engulfed by a cloud of blessed fire (14 damage)
             ... on level 2 of the Dungeon.
             The game lasted 00:06:16 (1290 turns).

zishaf the Firebug (Barachi Fire Elementalist)      Turns: 1290, Time: 00:06:16

Health: -3/30      AC:  2    Str:  9    XL:     4   Next: 9%
Magic:  4/8        EV: 12    Int: 16    God:
Gold:   134        SH:  0    Dex: 13    Spells: 6/9 levels left

rFire    . . .     SeeInvis .   a - +0 short sword (speed)
rCold    . . .     Gourm    .   (no shield)
rNeg     + . .     Faith    .   g - +0 robe
rPois    .         Spirit   .   (no helmet)
rElec    .         Reflect  .   (no cloak)
rCorr    .         Harm     .   (no gloves)
MR       .....                  (no boots)
Stlth    ++........             (no amulet)
HPRegen  0.10/turn              d - ring of positive energy
MPRegen  0.11/turn              (no ring)

@: slow
A: +LOS, swims, slowness 1, strong legs 1
a: Hop


You were on level 2 of the Dungeon.
You were not hungry.

You visited 1 branch of the dungeon, and saw 2 of its levels.

You collected 134 gold pieces.

Inventory:

Hand Weapons
 a - a +0 short sword of speed (weapon)
 b - a +0 hunting sling
Missiles
 p - 14 stones (quivered)
Armour
 g - a +0 robe (worn)
Jewellery
 d - a ring of positive energy (left hand)
Scrolls
 i - 2 scrolls of teleportation {unknown}
 j - a scroll of enchant weapon {unknown}
 l - a scroll of blinking {unknown}
 m - 2 scrolls of fog {unknown}
 n - a scroll of identify {unknown}
Potions
 e - a potion of invisibility {unknown}
 h - a potion of lignification {unknown}
 k - 2 potions of ambrosia {unknown}
 o - a potion of agility {unknown}
Comestibles
 c - 3 rations
 f - 6 chunks of flesh


   Skills:
 - Level 2.1 Dodging
 - Level 2.0 Stealth
 + Level 3.0 Spellcasting
 + Level 2.4 Conjurations
 + Level 4.0 Fire Magic


You had 6 spell levels left.
You knew the following spells:

 Your Spells              Type           Power        Failure   Level  Hunger
a - Flame Tongue          Conj/Fire      ##...        4%          1    #......
b - Throw Flame           Conj/Fire      ##....       8%          2    ##.....

Your spell library contained the following spells:

 Spells                   Type           Power        Failure   Level  Hunger
 Fireball                 Conj/Fire      ##........   80%         5    ######.
 Conjure Flame            Conj/Fire      ##......     14%         3    ###....
 Sticky Flame             Conj/Fire      ##......     43%         4    #####..
 Inner Flame              Hex/Fire       #.......     24%         3    ###....


Dungeon Overview and Level Annotations

Branches:
Dungeon (2/15)

Altars:
The Shining One


Innate Abilities, Weirdness & Mutations

Shadows flee at your approach. (+LOS)
You can swim through water.
You cover ground slowly.
You can hop short distances.


Message History

b - a hunting sling;
o - a brown potion
p - 13 stones (gained 1)
Your magical contamination has completely faded away.
p - 14 stones (gained 1)
You open the door.
Found a scroll labeled DUNIKAECL LELI and 12 gold pieces.
Found a glowing golden altar of the Shining One.
There is an open door here.
Really walk into that cloud of blessed fire? [Y]es or [N]o only, please.
Really walk into that cloud of blessed fire?
Okay, then.
Really walk into that cloud of blessed fire?
Really walk into a travel-excluded area?
You are engulfed in blessed fire.
Ouch! That really hurt!
You see here 12 gold pieces.
You now have 134 gold pieces (gained 12).
You are engulfed in blessed fire.
You die...

#.###).####....
#.....## #...)
###.#.# #....
#.#.#########
##.#.........#
#..#..........
##.############
##########...#
###§.§.@.#...#
#A#._?...'...+
###§.§.§.#...#
##########...#
##.#### #..#.#
##...# ##...##
#..)..#


You could see an angel.

Vanquished Creatures
  A gnoll (D:1)
  An ooze (D:2)
  3 dart slugs
  2 leopard geckos
  2 giant cockroaches (D:1)
  7 goblins
  A hobgoblin (D:2)
  4 jackals (D:1)
  2 bats
  3 frilled lizards (D:1)
  5 kobolds
  8 rats
39 creatures vanquished.

Notes
Turn   | Place    | Note
-------+----------+-------------------------------------------
     0 | D:1      | zishaf the Barachi Fire Elementalist began the quest for the Orb.
     0 | D:1      | Reached XP level 1. HP: 13/13 MP: 3/3
   134 | D:1      | Reached XP level 2. HP: 19/19 MP: 0/5
   474 | D:1      | Reached XP level 3. HP: 23/24 MP: 1/6
   481 | D:1      | Learned a level 2 spell: Throw Flame
  1245 | D:2      | Reached skill level 4 in Fire Magic
  1245 | D:2      | Reached XP level 4. HP: 30/30 MP: 4/8
  1285 | D:2      | Found a glowing golden altar of the Shining One.
  1286 | D:2      | Noticed an angel
  1290 | D:2      | Engulfed by a cloud of blessed fire

Vault maps used:
D:1:      giann_horns, minivault_23
D:2:      grunt_temple_overflow_holy_war, doesnt_xom_only_xom

Skill      XL: |  1  2  3  4 |
---------------+-------------+-----
Stealth        | 2 |  2.0
Conjurations   | 2 |  2.4
Fire Magic     | 4 |  4.0
Spellcasting   | 3 |  3.0
Dodging        | |  2.1

Action                   |  1- 3 |  4- 6 || total
-------------------------+-------+-------++-------
Melee: Unarmed           |     5 |       ||     5
       Short sword       |    31 |     2 ||    33
 Cast: Flame Tongue      |    41 |     5 ||    46
       Throw Flame       |     1 |       ||     1
 Abil: Hop               |     1 |       ||     1
 Stab: Sleeping          |     2 |       ||     2
  Eat: Chunk             |     2 |       ||     2
Armor: Robe              |     7 |     1 ||     8
Dodge: Dodged            |    12 |     1 ||    13

Table legend:
 A = Spawn XP
 B = Non-spawn XP
 C = Spawn XP percentage of total XP
 D = Spawn monster count
 E = Non-spawn monster count
 F = Spawn count percentage of total count
 G = Total turns spent on level
                    A         B        C        D         E        F      G
               +---------+---------+-------+---------+---------+-------+---------
         Total |       0 |      90 |   0.0 |       0 |      39 |   0.0 |  1290
               +---------+---------+-------+---------+---------+-------+---------
           D:1 |       0 |      54 |   0.0 |       0 |      25 |   0.0 |   927
           D:2 |       0 |      36 |   0.0 |       0 |      14 |   0.0 |   363
               +---------+---------+-------+---------+---------+-------+---------
